 Dungeon Crawl Stone Soup version 0.23-a0-629-gae4348f (webtiles) character file.

14 Matador8 the Sneak (level 2, -2/19 HPs)
             Began as a Vampire Enchanter on Dec 26, 2018.
             Slain by a kobold
             ... wielding a +0 whip
              (5 damage)
             ... on level 1 of the Dungeon.
             The game lasted 00:03:47 (556 turns).

Matador8 the Sneak (Vampire Enchanter)               Turns: 556, Time: 00:03:47

Health: -2/19      AC:  2    Str:  7    XL:     2   Next: 27%
Magic:  3/5        EV: 12    Int: 17    God:
Gold:   27         SH:  0    Dex: 14    Spells: 4/5 levels left

rFire    . . .     SeeInvis +   a - +1 dagger
rCold    . . .     Gourm    .   (no shield)
rNeg     + . .     Faith    .   b - +0 robe
rPois    .         Spirit   .   (no helmet)
rElec    .         Reflect  .   (no cloak)
rCorr    .         Harm     .   (no gloves)
MR       .....                  (no boots)
Stlth    +++.......             (no amulet)
HPRegen  0.06/turn              (no ring)
MPRegen  0.09/turn              (no ring)

@: no status effects
A: fangs 3, see invisible, unbreathing
a: no special abilities


You were on level 1 of the Dungeon.
You were not thirsty.

You visited 1 branch of the dungeon, and saw 1 of its levels.

You collected 27 gold pieces.

Inventory:

Hand Weapons
 a - a +1 dagger (weapon)
Armour
 b - a +0 robe (worn)
 f - a +0 ring mail
Scrolls
 c - 2 scrolls of identify {unknown}
 e - a scroll of enchant weapon {unknown}
Potions
 d - 4 potions of blood


   Skills:
 + Level 1.7 Short Blades
 - Level 2.1 Dodging
 + Level 4.8 Stealth
 - Level 2.0 Spellcasting
 + Level 4.8 Hexes


You had 4 spell levels left.
You knew the following spells:

 Your Spells              Type           Power        Failure   Level  Hunger
a - Corona                Hex            ###....      2%          1    #......

Your spell library contained the following spells:

 Spells                   Type           Power        Failure   Level  Hunger
 Confuse                  Hex            ###.....     8%          3    ###....
 Tukima's Dance           Hex            ###.....     8%          3    ###....
 Ensorcelled Hibernation  Hex/Ice        #.....       11%         2    ###....
 Dazzling Spray           Conj/Hex       #.....       22%         3    ###....


Dungeon Overview and Level Annotations

Branches:
Dungeon (1/15)

Altars:


Innate Abilities, Weirdness & Mutations

You have razor-sharp teeth.
You have supernaturally acute eyesight. (SInv)
You can survive without breathing.


Message History

You see here a frilled lizard skeleton.
You start resting.
The kobold is too close now for your liking.
Casting: Corona (safe; 2% risk of failure)
Confirm with . or Enter, or press ? or * to list all spells.
Aiming: Corona (safe; 2% risk of failure)
Press: ? - help, Shift-Dir - straight line, f - kobold
Aim: a kobold, wielding a +0 whip (chance to defeat MR: 73%)
The kobold is outlined in light.
You hit the kobold.
The kobold is heavily wounded.
The kobold hits you with a +0 whip.
You hit the kobold.
The kobold is severely wounded.
The kobold hits you with a +0 whip.
* * * LOW HITPOINT WARNING * * *
You hit the kobold but do no damage.
The kobold is severely wounded.
The kobold hits you with a +0 whip.
You die...

#.#.....#$........#.......
#.#...............#.......
#.......##.#......#.......
####...K##.#.#...#####....
#....##.#.###....#.....
#....##.#..............
#....##.#........#.....
#....##.#).......#.....
#####K@.......####.....
#....)....# #.....
#....#.#### #....#
#....#(.## #.##..
.....###..## #.###.
########....## #.....
#..##..#######. .#
#)####....# ##. ....####.#
#....###..


You could see a kobold.

Vanquished Creatures
  2 bats (D:1)
  A giant cockroach (D:1)
  A hobgoblin (D:1)
  5 frilled lizards (D:1)
  3 goblins (D:1)
  2 rats (D:1)
14 creatures vanquished.

Notes
Turn   | Place    | Note
-------+----------+-------------------------------------------
     0 | D:1      | Matador8 the Vampire Enchanter began the quest for the Orb.
     0 | D:1      | Reached XP level 1. HP: 13/13 MP: 3/3
   441 | D:1      | Reached XP level 2. HP: 15/19 MP: 1/5
   556 | D:1      | Slain by a kobold

Vault maps used:
D:1:      dpeg_arrival_arbitrary_b

Action                   || total
-------------------------++-------
Melee: Dagger            ||    54
       Bite              ||     3
 Cast: Corona            ||    17
 Stab: Sleeping          ||     4
Armor: Robe              ||    19
Dodge: Dodged            ||    41

Table legend:
 A = Non-vault XP
 B = Vault XP
 C = Vault XP percentage of total XP
 D = Non-vault monster count
 E = Vault monster count
 F = Vault count percentage of total count
                 A         B        C        D         E       F
            +---------+---------+-------+---------+---------+-------
      Total |      20 |       0 |   0.0 |      14 |       0 |   0.0
            +---------+---------+-------+---------+---------+-------
        D:1 |      20 |       0 |   0.0 |      14 |       0 |   0.0
            +---------+---------+-------+---------+---------+-------
